 Dungeon Crawl Stone Soup version 0.27.1-1-g398f81649c (webtiles) character file.

Game seed: 3367281906610749982

3819 pokedragonboy the Thaumaturge (level 10, 0/112 HPs)
             Began as a Djinni Hedge Wizard on Sept 11, 2021.
             Was a Follower of Makhleb.
             Slain by an ancient zyme (13 damage)
             ... on level 1 of the Abyss.
             The game lasted 00:52:01 (15215 turns).

pokedragonboy the Thaumaturge (DjWz)               Turns: 15215, Time: 00:52:02

Health: 0/112      AC:  5    Str:  9    XL:     10   Next: 40%
Gold:   405        EV: 16    Int: 19    God:    Makhleb [*.....] SH:  5 Dex: 13

rFire    + + +     SeeInvis .   k - staff of conjuration
rCold    x . .     Faith    .   (no shield)
rNeg     . . .     Spirit   .   y - +2 robe {rF+}
rPois    ∞         Reflect  +   c - +1 hat
rElec    .         Harm     .   (no cloak)
rCorr    .         Rampage  .   (no gloves)
Will     +....                  (boots unavailable)
Stlth    ..........             i - amulet of reflection
HPRegen  0.28/turn              l - +4 ring of evasion
MPRegen  0.00/turn              q - ring of wizardry

@: berserking, flying, very quick
A: sickness immunity, fire resistance 2, cold vulnerability 1, float, innate
caster, hp casting, extra vitality 1
a: Renounce Religion


You were on level 1 of the Abyss.
You worshipped Makhleb.
Makhleb was aware of your devotion.
You visited 2 branches of the dungeon, and saw 10 of its levels.
You visited the Abyss 1 time.

You collected 405 gold pieces.

Inventory:

Hand Weapons
 a - a +0 dagger
 d - a +4 trident of protection
 h - a +1 short sword of protection
 j - a +2 dagger of freezing
 x - a +1 falchion of flaming
Armour
 b - a +0 robe
 c - a +1 hat (worn)
 n - a +2 leather armour of poison resistance
 w - a +0 robe of willpower
 y - a +2 robe of fire resistance (worn)
 D - +0 acid dragon scales
 N - a +2 robe of positive energy
Magical Staves
 k - a staff of conjuration (weapon)
Jewellery
 e - a ring of wizardry
 i - an amulet of reflection (around neck)
 l - a +4 ring of evasion (left hand)
 q - a ring of wizardry (right hand)
 F - a ring of resist corrosion
 J - an amulet of the acrobat
 K - an amulet of faith
Wands
 p - a wand of flame (17)
 E - a wand of charming (8)
 G - a wand of acid (5)
 H - a wand of paralysis (12)
Scrolls
 f - 3 scrolls of noise
 g - 3 scrolls of identify
 m - 3 scrolls of amnesia
 o - 3 scrolls of enchant armour
 r - a scroll of enchant weapon
 s - 2 scrolls of fear
 B - 2 scrolls of teleportation {unknown}
 O - a scroll of holy word
Potions
 t - 4 potions of brilliance
 u - 2 potions of resistance
 z - a potion of flight
 A - a potion of might {unknown}
 I - a potion of lignification
 L - 2 potions of degeneration {unknown}


   Skills:
 - Level 7.0 Fighting
 - Level 3.0 Staves
 - Level 2.1 Dodging
 - Level 1.5 Stealth
 * Level 9.6 Spellcasting


You had 6 spell levels left.
You knew the following spells:

 Your Spells              Type           Power      Damage    Failure   Level
a - Magic Dart            Conj           100%       1d8       1%          1
b - Blink                 Tloc           N/A        N/A       1%          2
c - Call Imp              Summ           45%        N/A       1%          2
d - Slow                  Hex            45%        N/A       1%          2
e - Conjure Flame         Conj/Fire      62%        6-21      1%          3
f - Mephitic Cloud        Conj/Pois/Air  62%        N/A       1%          3
g - Shock                 Conj/Air       100%       1d9       1%          1
h - Poisonous Vapours     Pois/Air       90%        N/A       1%          2
i - Swiftness             Air            45%        N/A       1%          3
j - Confusing Touch       Hex            45%        N/A       1%          3
Your spell library was empty.

Dungeon Overview and Level Annotations

Branches:
Dungeon (9/15)             Temple (1/1) D:7
   Lair: D:8-11         Orc: D:9-12

Altars:
Ashenzari
Cheibriados
Dithmenos
Elyvilon
Fedhas
Gozag
Hepliaklqana
Kikubaaqudgha
Makhleb
Nemelex Xobeh
Okawaru
Ru
Sif Muna
Trog
Uskayaw
Vehumet
Wu Jian
Xom
Yredelemnul
Zin
The Shining One

Shops:
D:6 :   D:8 [*[*[

Annotations:
D:6 1 runed translucent door, Crazy Yiuf
D:9 Erolcha


Innate Abilities, Weirdness & Mutations

You are immune to sickness and miasma.
You are immune to poison.
Your flesh is very heat resistant. (rF++)
You are vulnerable to cold. (rC-)
You float through the air rather than walking.
You learn spells naturally, not from books.
Your magical power is your life essence.
You have superior vitality. (+4 HP)


Message History

You feel a surge of power!
The zap hits the ancient zyme!
The ancient zyme is moderately damaged.
The zap hits the ancient zyme.
The ancient zyme is moderately damaged.
Your crimson imp blinks!
Your white imp gestures at the ancient zyme.
The puff of frost hits the ancient zyme.
The ancient zyme hits you.
* * * LOW HITPOINT WARNING * * *
The ancient zyme hits you.
* * * LOW HITPOINT WARNING * * *
Casting: Shock (safe; 1% risk of failure)
Confirm with . or Enter, or press ? or * to list all spells.
Aiming: Shock (safe; 1% risk of failure)
Press: ? - help, Shift-Dir - straight line You feel a surge of power!
The zap hits the ancient zyme.
The ancient zyme is heavily damaged.
The zap hits the ancient zyme.
The ancient zyme is heavily damaged.
* * * LOW HITPOINT WARNING * * *
You block the ancient zyme's attack. The ancient zyme barely misses you.
Casting: Shock (safe; 1% risk of failure)
Confirm with . or Enter, or press ? or * to list all spells.
Aiming: Shock (safe; 1% risk of failure)
Press: ? - help, Shift-Dir - straight line You feel a surge of power!
The zap hits the ancient zyme.
The ancient zyme is heavily damaged.
The zap hits the ancient zyme.
The ancient zyme is heavily damaged.
* * * LOW HITPOINT WARNING * * *
The ancient zyme hits you!
* * * LOW HITPOINT WARNING * * *
You block the ancient zyme's attack.
Okay, then.
Okay, then.
A red film seems to cover your vision as you go berserk!
You feel yourself moving faster!
You feel mighty!
Your white imp hits the ancient zyme but does no damage.
The ancient zyme hits you!
You die...

.. ##... #...
... #.#..# .#
....##...# .#
...
#....####..
#..§)... .#
##.§..##.....
##.5.# ...#
##x## .##
#@#...# ..
###.##..# .
#. .. .. ...
#. ..


You could see an ancient zyme (ally target) and a friendly white imp (summoned).

Vanquished Creatures
  A two-headed ogre (D:6)
  A wyvern (D:7)
  2 steam dragons (D:7)
  A water moccasin (D:8)
  Duvessa (D:4)
  3 orc warriors
  An ice beast (D:7)
  A centaur (D:5)
  A sky beast (D:8)
  A phantom (D:5)
  A wyvern skeleton (D:7)
  A scorpion (D:5)
  10 wights
  2 howler monkeys
  A centaur zombie (D:6)
  An electric eel (D:7)
  A bullfrog zombie (D:7)
  3 centaur skeletons (D:6)
  A gnoll shaman (D:7)
  A hound (D:6)
  2 scorpion zombies (D:5)
  Jessica (D:3)
  4 orc wizards (D:8)
  2 iguanas
  A hound skeleton (D:4)
  11 gnolls
  2 howler monkey skeletons
  3 adders
  A river rat (D:5)
  2 shadow imps
  A white imp (D:4)
  2 adder skeletons (D:4)
  2 worms
  4 dart slugs
  18 orcs
  7 endoplasms
  2 giant cockroaches
  10 hobgoblins
  7 jackals
  2 quokkas
  11 ball pythons
  8 bats
  A frilled lizard (D:1)
  2 goblins
  5 kobolds
  5 rats
151 creatures vanquished.

Vanquished Creatures (collateral kills)
  Grinder (D:4)
  Sigmund (D:4)
  A steam dragon (D:7)
  A water moccasin (D:6)
  An ice beast (D:5)
  An ogre (D:2)
  A necrophage (D:5)
  A phantom (D:4)
  A gnoll sergeant (D:6)
  Dowan (D:4)
  A wyvern skeleton (D:6)
  A centaur zombie (D:7)
  An iguana (D:4)
  An orc wizard (D:6)
  4 gnolls
  An adder (D:4)
  A white imp (D:7)
  2 dart slugs
  5 orcs
  2 bats (D:1)
  2 endoplasms (D:1)
  A goblin (D:1)
  A hobgoblin (D:1)
  3 ball pythons
36 creatures vanquished.

Vanquished Creatures (others)
  18 fungi
18 creatures vanquished.

Grand Total: 205 creatures vanquished

Notes
Turn   | Place    | Note
-------+----------+-------------------------------------------
     0 | D:1      | pokedragonboy the Djinni Hedge Wizard began the quest for
                  | the Orb.
     0 | D:1      | Reached XP level 1. HP: 15/15 MP: 0/0
   225 | D:1      | Reached XP level 2. HP: 14/22 MP: 0/0
   632 | D:1      | Reached skill level 1 in Fighting
   646 | D:1      | Reached XP level 3. HP: 2/27 MP: 0/0
   646 | D:1      | Learned a level 1 spell: Shock
   672 | D:1      | Reached skill level 3 in Spellcasting
  1603 | D:2      | Noticed an ogre
  1614 | D:2      | Killed an ogre
  1615 | D:2      | Reached skill level 1 in Staves
  1615 | D:2      | Reached XP level 4. HP: 16/33 MP: 0/0
  1615 | D:2      | Reached XP level 5. HP: 19/38 MP: 0/0
  1615 | D:2      | Learned a level 2 spell: Poisonous Vapours
  2212 | D:2      | Found a faded altar of an unknown god.
  3088 | D:3      | Noticed Jessica
  3092 | D:3      | Killed Jessica
  4328 | D:4      | Reached skill level 4 in Spellcasting
  4328 | D:4      | Reached XP level 6. HP: 29/45 MP: 0/0
  4621 | D:4      | Noticed Grinder
  4637 | D:4      | HP: 1/45 [Grinder (2)]
  4639 | D:4      | Paralysed by Grinder for 3 turns
  4646 | D:4      | Paralysed by Grinder for 7 turns
  4655 | D:4      | Killed Grinder
  4656 | D:4      | Reached XP level 7. HP: 19/50 MP: 0/0
  4656 | D:4      | Learned a level 3 spell: Swiftness
  5413 | D:4      | Noticed Sigmund
  5433 | D:4      | Killed Sigmund
  5611 | D:4      | Reached skill level 5 in Spellcasting
  5669 | D:4      | Noticed Duvessa
  5674 | D:4      | Noticed Dowan
  5685 | D:4      | Killed Duvessa
  5692 | D:4      | Killed Dowan
  6053 | D:5      | Entered Level 5 of the Dungeon
  6123 | D:5      | Reached XP level 8. HP: 29/58 MP: 0/0
  7253 | D:5      | Reached skill level 6 in Spellcasting
  7764 | D:5      | Found a bloodstained altar of Trog.
  8096 | D:6      | Reached skill level 5 in Fighting
  8248 | D:6      | Found a shimmering altar of Xom.
  8597 | D:6      | Reached XP level 9. HP: 15/65 MP: 0/0
  8597 | D:6      | Learned a level 3 spell: Confusing Touch
  9031 | D:6      | Noticed a two-headed ogre
  9116 | D:6      | Found a runed translucent door.
  9117 | D:6      | Noticed Crazy Yiuf
  9254 | D:6      | Killed a two-headed ogre
  9255 | D:6      | Reached skill level 7 in Spellcasting
  9645 | D:6      | Found Gemilof's Book Emporium.
 10891 | D:7      | Found an iron altar of Okawaru.
 11107 | D:7      | Found a staircase to the Ecumenical Temple.
 11115 | Temple   | Entered the Ecumenical Temple
 11205 | Temple   | Became a worshipper of Makhleb the Destroyer
 11242 | D:7      | Reached skill level 8 in Spellcasting
 11906 | D:7      | Found a sparkling altar of Nemelex Xobeh.
 11920 | D:7      | Found a glowing golden altar of the Shining One.
 11965 | D:7      | Reached XP level 10. HP: 54/75 MP: 0/0
 13394 | D:8      | Reached skill level 9 in Spellcasting
 13395 | D:8      | Found Eneog's Armour Emporium.
 13780 | D:8      | Found Merchy's General Store.
 13914 | D:8      | Reached * piety under Makhleb
 13976 | D:8      | Found Xuge's General Store.
 14019 | D:8      | Found Secigoac's Armour Shoppe.
 14121 | D:8      | Found a hazy altar of Hepliaklqana.
 14239 | D:8      | Found Jygul's Antique Armour Shoppe.
 15065 | D:9      | Noticed Erolcha
 15107 | D:9      | Cast into level 1 of the Abyss (Erolcha)
 15215 | Abyss:1  | Slain by an ancient zyme

Illustrated notes

Levels and vault maps discovered:
D:1:      mrwooster_arrival_statue, layout_rooms, minmay_tromino_v4_b
D:2:      layout_basic, hellmonk_ecumenical_altar_run_dry
D:3:      layout_basic, minmay_misc_feat_tiny, chequers_serial_rivers_micro_a,
          lightli_corner_chamber, uniq_jessica
D:4:      layout_rooms, uniq_duvessa, uniq_grinder, uniq_sigmund
D:5:      layout_basic, mainiacjoe_overflow_boulevard, portal_sewer_entry_b
D:6:      layout_loops_ring, nicolae_overflow_hidden_temple, serial_shops,
          nicolae_shop_temple_entry_statues_fountains, grunt_decor_resistance,
          grunt_ministairs_14, uniq_crazy_yiuf_cottage
D:7:      kennysheep_steamy, layout_basic, mainiacjoe_overflow_large_starburst,
          mainiacjoe_overflow_six_doors_small, minmay_temple_entry_arrows,
          nicolae_water_bricks
D:8:      layout_rooms, general_overflow_altar, serial_shops, shop,
          nicolae_shop_overgrown_old_shop, shop, nicolae_shop_trees, shop
D:9:      layout_basic, nicolae_overflow_crystal_walls,
          ebering_ghost_funeral_grove, uniq_erolcha
Temple:   eino_wide_crystal_templ
Abyss:1:  base:
D:6

Skill      XL: |  1  2  3  4  5  6  7  8  9 10 |
---------------+-------------------------------+-----
Fighting       | 1 2 3 4 5 7 |  7.0
Spellcasting   | 3 4 5 6 8 9 |  9.6
Staves         | 1 2 3 |  3.0
Dodging        | |  2.1
Stealth        | |  1.5

Action                   |  1- 3 |  4- 6 |  7- 9 | 10-12 || total
-------------------------+-------+-------+-------+-------++-------
Melee: Dagger            |     1 |       |       |       ||     1
       Staff             |     2 |     5 |    68 |    19 ||    94
 Cast: Magic Dart        |    47 |    98 |   152 |    74 ||   371
       Call Imp          |    10 |     8 |    66 |    38 ||   122
       Blink             |     2 |     1 |    16 |     2 ||    21
       Shock             |     6 |     6 |    61 |    34 ||   107
       Slow              |     1 |    14 |    25 |     4 ||    44
       Poisonous Vapours |       |     6 |    28 |    12 ||    46
       Mephitic Cloud    |       |     5 |    15 |     7 ||    27
       Conjure Flame     |       |     1 |    10 |     9 ||    20
       Swiftness         |       |       |     2 |       ||     2
       Confusing Touch   |       |       |     1 |       ||     1
  Use: Potion            |       |     5 |     1 |     7 ||    13
       Scroll            |       |       |    12 |       ||    12
 Stab: Distracted        |       |       |     1 |       ||     1
       Confused          |       |       |     1 |       ||     1
Armor: Robe              |     5 |     1 |    21 |     8 ||    35
       Skin              |       |    10 |       |     6 ||    16
Dodge: Dodged            |     9 |    11 |   113 |    47 ||   180
Block: Other             |     1 |     3 |    23 |     6 ||    33
       Reflection        |       |     1 |       |       ||     1
